 Dungeon Crawl Stone Soup version 0.27.1-33-g824d729ab1 (webtiles) character file.

Game seed: 7356340086640954945

142 pkoi the Ruffian (level 5, -3/41 HPs)
             Began as a Draconian Gladiator on Dec 21, 2021.
             Killed by divine providence
             ... invoked by an orc priest
              (14 damage)
             ... on level 4 of the Dungeon.
             The game lasted 00:03:30 (5514 turns).

pkoi the Ruffian (Draconian Gladiator)              Turns: 5514, Time: 00:03:31

Health: -3/41      AC:  6    Str: 16    XL:     5   Next: 4%
Magic:  5/5        EV: 12    Int:  9    God:
Gold:   126        SH:  0    Dex: 13    Spells: 4/4 levels left

rFire    . . .     SeeInvis .     - Unarmed
rCold    + . .     Faith    .   (no shield)
rNeg     . . .     Spirit   .   (armour unavailable)
rPois    .         Reflect  .   a - +0 hat
rElec    .         Harm     .   (no cloak)
rCorr    .         Rampage  .   e - +0 pair of gloves
Will     .....                  (no boots)
Stlth    +.........             (no amulet)
HPRegen  0.13/turn              i - ring of protection from cold
MPRegen  0.09/turn              (no ring)

@: attractive
A: AC +5, unfitting armour, cold-blooded
a: no special abilities


You were on level 4 of the Dungeon.
You visited 1 branch of the dungeon, and saw 4 of its levels.

You collected 126 gold pieces.

Inventory:

Hand Weapons
 j - a +0 dagger of flaming
Missiles
 b - 3 throwing nets (quivered)
 k - 18 poisoned darts
Armour
 a - a +0 hat (worn)
 e - a +0 pair of gloves (worn)
Jewellery
 i - a ring of protection from cold (left hand)
Wands
 d - a wand of polymorph (6)
Scrolls
 f - a scroll of blinking
 g - 3 scrolls of identify
Potions
 c - 2 potions of magic
 h - a potion of haste


   Skills:
 - Level 2.1 Fighting
 - Level 1.7 Throwing
 - Level 2.6 Dodging
 + Level 5.8 Unarmed Combat


You had 4 spell levels left.
You didn't know any spells.
Your spell library contained the following spells:

 Spells                   Type           Power      Damage    Failure   Level
 Apportation              Tloc           0%         N/A       38%         1
 Alistair's Intoxication  Tmut/Pois      0%         N/A       100%        5
 Freezing Cloud           Conj/Ice/Air   0%         6-21      100%        5
 Invisibility             Hex            0%         N/A       100%        6
 Simulacrum               Ice/Necr       0%         N/A       100%        6
 Polar Vortex             Ice            0%         N/A       100%        9


Dungeon Overview and Level Annotations

Branches:
Dungeon (4/15)
 Temple: D:4-7

Altars:
Uskayaw
Xom


Innate Abilities, Weirdness & Mutations

Your plain brown scales are hard. (AC +5)
You cannot fit into any form of body armour.
You are cold-blooded and may be slowed by cold attacks.


Message History

The orc closely misses you.
You completely miss the orc. Something hits you.
You bump into the rock wall.
Something hits you but does no damage. The orc hits you but does no damage.
The orc priest casts a cantrip, but nothing happens.
You're too confused to move!
Something hits you but does no damage.
The orc priest hits you but does no damage.
You barely miss something.
You hear some strange, mumbled words.
A puff of flame appears from out of thin air!
The puff of flame hits you.
The orc priest hits you but does no damage.
You're too confused to move!
You feel less confused.
Something hits you but does no damage. x2
The orc priest hits you with a +0 short sword.
You barely miss something.
You hear some strange, mumbled words.
Something tries to affect you, but you resist.
Something hits you.
* * * LOW HITPOINT WARNING * * *
You hit something but do no damage. You tail-slap something.
The orc priest barely misses you. Something hits you.
* * * LOW HITPOINT WARNING * * *
You hear some strange, mumbled words.
A magic dart appears from out of thin air!
The magic dart hits you!
* * * LOW HITPOINT WARNING * * *
You punch something! You tail-slap something. You punch something.
The orc priest barely misses you.
You hear some strange, mumbled words.
Something tries to affect you, but you resist.
You hear some strange, mumbled words.
A magic dart appears from out of thin air!
The magic dart hits you but does no damage.
It was a potion of attraction.
You feel attractive to monsters.
The orc priest calls down the wrath of Beogh upon you.
Beogh smites you!
You die...

#.... ...# ...##
.... #### #..#
#...........
#go####...........
#{o..............#
#@{# #..........#
#..####....._....#
#................#
###...#.##...Y...§§#
#......(##.....Y§§§#
#.#...#.##..§...§§§#
#.##.##......###§§.#
#.# .##.#.##.###§§##
#.# ................


You could see an orc priest, an orc and a goblin.

Vanquished Creatures
  Robin (D:4)
  6 adders
  An ufetubus (D:4)
  2 worms
  A dart slug (D:1)
  An orc (D:2)
  3 endoplasms
  2 giant cockroaches (D:2)
  10 goblins
  11 hobgoblins
  11 kobolds
  A quokka (D:2)
  7 ball pythons
  3 bats
  3 frilled lizards (D:1)
  5 rats
68 creatures vanquished.

Vanquished Creatures (others)
  5 dream sheep (D:4)
  10 plants (D:1)
15 creatures vanquished.

Grand Total: 83 creatures vanquished

Notes
Turn   | Place    | Note
-------+----------+-------------------------------------------
     0 | D:1      | pkoi the Draconian Gladiator began the quest for the Orb.
     0 | D:1      | Reached XP level 1. HP: 17/17 MP: 1/1
   479 | D:1      | Reached XP level 2. HP: 24/24 MP: 2/2
  1226 | D:1      | Found a faded altar of an unknown god.
  1386 | D:1      | Became a worshipper of Uskayaw the Reveller
  1386 | D:1      | Reached * piety under Uskayaw
  1514 | D:2      | Reached skill level 4 in Unarmed Combat
  1522 | D:2      | Reached ** piety under Uskayaw
  1525 | D:2      | Reached XP level 3. HP: 11/29 MP: 3/3
  1533 | D:2      | Reached *** piety under Uskayaw
  2160 | D:2      | Fell from the grace of Uskayaw
  2852 | D:2      | Reached skill level 5 in Unarmed Combat
  2852 | D:2      | Reached XP level 4. HP: 29/36 MP: 4/4
  4460 | D:4      | Noticed Robin
  5010 | D:4      | Killed Robin
  5435 | D:4      | Reached XP level 5. HP: 40/41 MP: 5/5
  5455 | D:4      | Noticed a dream sheep
  5455 | D:4      | Noticed a dream sheep
  5455 | D:4      | Noticed a dream sheep
  5455 | D:4      | Noticed a dream sheep
  5455 | D:4      | Noticed a dream sheep
  5455 | D:4      | Found a shimmering altar of Xom.
  5460 | D:4      | Killed a dream sheep
  5460 | D:4      | Killed a dream sheep
  5460 | D:4      | Killed a dream sheep
  5460 | D:4      | Killed a dream sheep
  5461 | D:4      | Killed a dream sheep
  5514 | D:4      | Killed from afar by an orc priest

Illustrated notes

Levels and vault maps discovered:
D:1:      shiori_arrival_elements, layout_basic,
          chequers_ecumenical_altar_lobes, lexackson_kobold_supper
D:2:      minmay_razor_zed, layout_basic
D:3:      layout_loops_corners, serial_bayou_pond_a
D:4:      layout_loops_ring, mainiacjoe_overflow_surrounded_room,
          lemuel_zombie_altar_kikubaaqudgha, kb_xom_exploding_sheep,
          minmay_strange_pillars, kennysheep_windowed_goal, uniq_robin

Skill      XL: |  1  2  3 |
---------------+----------+-----
Unarmed Combat | 4 5 |  5.8
Fighting       | |  2.1
Throwing       | |  1.7
Dodging        | |  2.6

Action                   |  1- 3 |  4- 6 || total
-------------------------+-------+-------++-------
Melee: Unarmed           |   147 |   114 ||   261
       Tailslap          |    14 |    11 ||    25
       Punch             |     1 |     4 ||     5
Invok: Renounce Religion |     1 |       ||     1
  Use: Potion            |     2 |     1 ||     3
       Scroll            |       |     5 ||     5
 Stab: Sleeping          |     1 |       ||     1
Armor: Skin              |    45 |    51 ||    96
Dodge: Dodged            |    96 |    85 ||   181
